 Dungeon Crawl Stone Soup version 0.27.1-35-g4d5d836560 (webtiles) character file.

Game seed: 9329301580752372139

397 Delamore the Covert (level 6, -2/38 (39) HPs)
             Began as an Octopode Brigand on Mar 9, 2022.
             Slain by an iguana (10 damage)
             ... on level 4 of the Dungeon.
             The game lasted 00:02:40 (2475 turns).

Delamore the Covert (Octopode Brigand)              Turns: 2475, Time: 00:02:40

HP:   -2/38 (39)    AC:  1    Str: 11    XL:     6   Next: 83%
MP:   6/6           EV: 16    Int: 13    God:
Gold: 128           SH:  0    Dex: 15    Spells: 5/5 levels left

rFire    . . .     SeeInvis .   n - +1 short sword (vamp)
rCold    . . .     Faith    +   (no shield)
rNeg     . . .     Spirit   .   (helmet restricted)
rPois    .         Reflect  .   p - amulet of faith
rElec    .         Harm     .   d - ring of willpower
rCorr    .         Rampage  .   j - +4 ring of evasion
Will     +....                  (no ring)
Stlth    +++++.....             (no ring)
HPRegen  0.12/turn              (no ring)
MPRegen  0.10/turn              (no ring)
                                (no ring)
                                (no ring)

@: flying, lightly drained
A: almost no armour, amphibious, 8 rings, camouflage 1, gelatinous body 1,
(nimble swimmer 1), tentacles
a: no special abilities


You were on level 4 of the Dungeon.
You visited 1 branch of the dungeon, and saw 4 of its levels.

You collected 128 gold pieces.

Inventory:

Hand Weapons
 a - a +2 dagger
 n - a +1 vampiric short sword (weapon)
 q - a +1 dagger of venom
Missiles
 b - 55 poisoned darts (quivered)
 c - 2 curare-tipped darts
Armour
 o - a +0 kite shield
Jewellery
 d - a ring of willpower (left tentacle)
 j - a +4 ring of evasion (right tentacle)
 p - an amulet of faith (around mantle)
Wands
 r - a wand of polymorph (3)
Scrolls
 f - a scroll of brand weapon {unknown}
 h - 3 scrolls of noise
 i - a scroll of immolation {unknown}
 m - 2 scrolls of identify {unknown}
 s - a scroll of blinking {unknown}
Potions
 e - a potion of lignification {unknown}
 g - 2 potions of flight
 k - a potion of heal wounds {unknown}
 l - 2 potions of curing {unknown}
 t - a potion of ambrosia {unknown}


   Skills:
 - Level 2.0 Fighting
 + Level 4.3 Short Blades
 - Level 2.0 Throwing
 - Level 1.0 Dodging
 * Level 9.6 Stealth


You had 5 spell levels left.
You didn't know any spells.
Your spell library was empty.

Dungeon Overview and Level Annotations

Branches:
Dungeon (4/15)
 Temple: D:4-7

Altars:
Uskayaw


Innate Abilities, Weirdness & Mutations

You cannot wear most types of armour.
You are amphibious.
You can wear up to eight rings at the same time.
Your skin changes colour to match your surroundings (Stealth+).
Your rubbery body absorbs attacks. (AC +1, EV +1)
((You are camouflaged near water. (Stealth+)))
You have tentacles for arms and can constrict up to eight enemies at once.


Message History

You constrict the necrophage. The necrophage closely misses you.
The iguana misses you.
You hit the necrophage.
The necrophage is heavily damaged.
You constrict the necrophage, but do no damage.
The necrophage barely misses you.
You barely miss the necrophage.
The necrophage is heavily damaged.
You constrict the necrophage. The iguana bites you!
The necrophage barely misses you.
You hit the necrophage.
The necrophage is heavily damaged.
You constrict the necrophage. The iguana closely misses you.
You hit the necrophage.
The necrophage is severely damaged.
You constrict the necrophage. The necrophage hits you.
You feel drained. The iguana bites you!
You are too injured to fight recklessly!
You are too injured to fight recklessly!
You are too injured to fight recklessly!
You are too injured to fight recklessly!
You are too injured to fight recklessly!
You release your grip on the necrophage.
You hit the iguana. Your grab misses the iguana.
The iguana is lightly wounded.
The necrophage misses you.
You hit the iguana but do no damage. You grab the iguana.
You squeeze the iguana.
The iguana is moderately wounded.
You constrict the iguana. The iguana bites you!
* * * LOW HITPOINT WARNING * * *
You release your grip on the iguana.
The necrophage completely misses you.
It was a potion of flight.
You feel very buoyant.
You fly up into the air.
The iguana completely misses you.
Your +1 dagger of venom stops dripping with poison.
You feel a sense of dread.
n - a +1 vampiric short sword (weapon)
The iguana bites you!
You die...

######## # ##......#########
#.######..###.nl@......####
........[.....########....##
#.#.......##### #..#..#
#..#####..# ##.##.# .. #
##.# #.##.# # #.# #.##.# ##
#.# #.##.# #### .## #.#
#.##.# .... ?' #.#
#....##....


You could see a necrophage and an iguana.

Vanquished Creatures
  Duvessa (D:4)
  An ogre (D:4)
  Dowan (D:4)
  A hound (D:4)
  An iguana (D:4)
  2 adders (D:3)
  3 gnolls (D:4)
  3 worms
  An orc (D:4)
  4 bats
  7 endoplasms
  2 giant cockroaches (D:3)
  4 goblins
  3 hobgoblins
  3 jackals (D:4)
  6 kobolds
  5 quokkas
  5 ball pythons
  2 frilled lizards (D:1)
  2 rats
57 creatures vanquished.

Notes
Turn   | Place    | Note
-------+----------+-------------------------------------------
     0 | D:1      | Delamore the Octopode Brigand began the quest for the Orb.
     0 | D:1      | Reached XP level 1. HP: 14/14 MP: 1/1
     6 | D:1      | Noticed an electric eel
    54 | D:1      | Found a faded altar of an unknown god.
   294 | D:1      | Reached XP level 2. HP: 19/19 MP: 2/2
   648 | D:1      | Reached skill level 6 in Stealth
   922 | D:2      | Reached XP level 3. HP: 20/24 MP: 3/3
  1382 | D:3      | Found a hide-covered altar of Uskayaw.
  1641 | D:3      | Reached XP level 4. HP: 29/29 MP: 4/4
  1778 | D:4      | Reached skill level 7 in Stealth
  1793 | D:4      | Noticed Duvessa
  1793 | D:4      | Noticed Dowan
  1814 | D:4      | Killed Dowan
  1820 | D:4      | Killed Duvessa
  1821 | D:4      | Reached skill level 8 in Stealth
  1821 | D:4      | Reached XP level 5. HP: 15/34 MP: 5/5
  2031 | D:4      | Noticed an ogre
  2039 | D:4      | Killed an ogre
  2040 | D:4      | Reached skill level 9 in Stealth
  2040 | D:4      | Reached XP level 6. HP: 39/39 MP: 6/6
  2068 | D:4      | Noticed a necrophage
  2475 | D:4      | Slain by an iguana

Illustrated notes

Levels and vault maps discovered:
D:1:      arrival_aquarium_a, layout_loops_ring,
          ebering_ecumenical_altar_sacrificial
D:2:      layout_rooms
D:3:      layout_loops_ring, mainiacjoe_overflow_alcove_2, minmay_box_of_dots
D:4:      minmay_chambers_of_fours, layout_basic,
          nicolae_overflow_hidden_temple, amethyst_overflow_temple_binary,
          amcnicky_mini_rare_corridor_liquid, hangedman_decor_peaks_small,
          minivault_26, minmay_joined_circles, uniq_grinder, uniq_sigmund,
          uniq_pikel, uniq_duvessa

Skill      XL: |  1  2  3  4  5 |
---------------+----------------+-----
Stealth        | 6 8 9 |  9.6
Short Blades   | 3 4 |  4.3
Fighting       | |  2.0
Throwing       | |  2.0
Dodging        | |  1.0

Action                   |  1- 3 |  4- 6 || total
-------------------------+-------+-------++-------
Melee: Dagger            |    46 |    14 ||    60
       Constrict         |     9 |     6 ||    15
       Tentacles         |     7 |     7 ||    14
       Short sword       |    18 |    37 ||    55
Throw: Dart              |       |    12 ||    12
  Use: Scroll            |     1 |       ||     1
       Potion            |       |     1 ||     1
 Stab: Sleeping          |    20 |     9 ||    29
Armor: Skin              |     1 |    14 ||    15
Dodge: Dodged            |    19 |    26 ||    45
